 Dungeon Crawl Stone Soup version 0.31-a0-246-g8cbcc1cb85 (webtiles) character file.

Game seed: 15578474922563919796

741 qw the Skirmisher (level 7, -4/60 HPs)
             Began as a Minotaur Hexslinger on July 12, 2023.
             Slain by a two-headed ogre
             ... wielding a +0 giant spiked club
              (18 damage)
             ... on level 5 of the Dungeon.
             The game lasted 00:01:31 (3787 turns).

qw the Skirmisher (Minotaur Hexslinger)             Turns: 3787, Time: 00:01:32

Health: -4/60      AC:  8    Str: 13    XL:     7   Next: 47%
Magic:  6/6        EV: 11    Int: 10    God:
Gold:   282        SH:  0    Dex: 14    Spells: 7/8 levels left

rFire   . . .        Y - +2 sling
rCold   . . .        (no shield)
rNeg    . . .        m - +1 ring mail {rPois}
rPois   +            (helmet restricted)
rElec   .            c - scarf {repulsion}
rCorr   .            (no gloves)
SInv    +            (no boots)
Will    .....        (no amulet)
Stlth   +            f - ring of see invisible
HPRegen 0.30/turn    (no ring)
MPRegen 0.10/turn

%: repel missiles
@: weakened
A: horns 2, retaliatory headbutt, iridescent scales 1, low MP 1, mutation
resistance 1
a: no special abilities


You were on level 5 of the Dungeon.
You visited 1 branch of the dungeon, and saw 5 of its levels.

You collected 282 gold pieces.


Innate Abilities, Weirdness & Mutations

You have a pair of horns on your head.
You reflexively headbutt those who attack you in melee.
You are partially covered in iridescent scales. (AC +2)
Your magical capacity is low. (-10% MP)
You are somewhat resistant to further mutation.


   Skills:
 + Level 4.6 Fighting
 - Level 8.0 Ranged Weapons
 - Level 2.3 Armour
 - Level 2.1 Dodging
 - Level 1.0 Spellcasting
 - Level 2.0 Hexes


You had 7 spell levels left.
You knew the following spells:

 Your Spells              Type           Power      Damage    Failure   Level
a - Slow                  Hex            16%        N/A       32%         1

Your spell library contained the following spells:

 Spells                   Type           Power      Damage    Failure   Level
 Inner Flame              Hex/Fire       2%         N/A       82%         3
 Portal Projectile        Hex/Tloc       4%         N/A       82%         3
 Cause Fear               Hex            2%         N/A       97%         4

Inventory:

Hand Weapons
 Y - a +2 sling (weapon)
Armour
 c - a scarf of repulsion (worn)
 m - a +1 ring mail of poison resistance (worn)
Jewellery
 f - a ring of see invisible (left hand)
Scrolls
 a - a scroll of noise {unknown}
 h - a scroll of identify
Potions
 b - a potion of enlightenment
 d - a potion of mutation
 e - a potion of brilliance {unknown}
 g - a potion of might {unknown}
 k - a potion of haste {unknown}
 l - a potion of ambrosia {unknown}
 n - a potion of magic {unknown}

Dungeon Overview and Level Annotations

Branches:
Dungeon (5/15)
 Temple: D:4-7

Altars:
Uskayaw


Message History

The two-headed ogre hits you with a +0 giant club!
A gnoll comes into view. It is wielding a +0 whip.
You shoot a sling bullet. The sling bullet hits the adder.
The adder is severely wounded.
The adder bites you but does no damage.
A gnoll comes into view. It is wielding a +0 flail.
The two-headed ogre closely misses you. You furiously retaliate!
You headbutt the two-headed ogre, but do no damage.
The two-headed ogre hits you with a +0 giant club.
You shoot a sling bullet. The gnoll shouts!
The sling bullet hits the adder.
The adder is almost dead.
The adder bites you but does no damage. The adder barely misses you.
You furiously retaliate!
You headbutt the adder.
You kill the adder!
Your Ranged Weapons skill increases to level 8!
You shoot a sling bullet.
The sling bullet hits the two-headed ogre.
The two-headed ogre is moderately wounded.
The two-headed ogre closely misses you. You furiously retaliate!
You headbutt the two-headed ogre.
The two-headed ogre hits you with a +0 giant club!
The gnoll bouda barks out a call to the hunt!
The gnolls pick up the pace!
You shoot a sling bullet.
The sling bullet hits the two-headed ogre.
The two-headed ogre is moderately wounded.
The gnoll barely misses you.
The gnoll bouda barks out a call to the hunt!
The gnoll picks up the pace!
The two-headed ogre closely misses you. x2
You shoot a sling bullet.
The sling bullet hits the two-headed ogre but does no damage.
The two-headed ogre is moderately wounded.
The gnoll hits you with a +0 flail!
The gnoll bouda gazes fiercely through you!
You feel your attacks grow feeble.
The two-headed ogre hits you with a +0 giant spiked club!!
You die...

############
#..........#
#.########.# #.# #.# #.#
#.# .#########.# #.#
.gg.ggO@.#.########.###
}.g###g...............##
#...#)####.##.....#
#####.# #.##..<.>. #.#
#.###....#
#.####.###.#.##
#...........#.#
####.......###.
#.#.####.#.#


You could see a two-headed ogre, a gnoll bouda and 5 gnolls.

Vanquished Creatures
  An ice beast (D:5)
  2 phantoms
  A bullfrog (D:4)
  A scorpion (D:3)
  A hound (D:2)
  3 orc priests
  A sleepcap (D:5)
  2 iguanas
  An orc wizard (D:5)
  A gnoll (D:5)
  6 adders
  A worm (D:3)
  A dart slug (D:1)
  11 orcs
  12 ball pythons
  A bat (D:1)
  4 endoplasms
  2 giant cockroaches (D:1)
  5 goblins
  7 hobgoblins
  A jackal (D:1)
  10 kobolds
  4 quokkas
  9 rats
88 creatures vanquished.

Notes
Turn   | Place    | Note
-------+----------+-------------------------------------------
     0 | D:1      | qw the Minotaur Hexslinger began the quest for the Orb.
     0 | D:1      | Reached XP level 1. HP: 16/16 MP: 1/1
     0 | D:1      | 0 ||| qw: Version: 0.3-a-52-g30416fa
     0 | D:1      | 0 ||| qw: Game counter: 6211
     0 | D:1      | 0 ||| qw: Melee chars always use a shield: true
     0 | D:1      | 0 ||| qw: God list: Okawaru
     0 | D:1      | 0 ||| qw: Allow faded altars: false
     0 | D:1      | 0 ||| qw: Do Orc after clearing Dungeon:15 true
     0 | D:1      | 0 ||| qw: Do second Lair branch before Depths: true
     0 | D:1      | 0 ||| qw: Lair rune preference: random
     0 | D:1      | 0 ||| qw: Goals: Normal
     0 | D:1      | 0 ||| PLANNING D:1-11
   170 | D:1      | Reached skill level 3 in Ranged Weapons
   170 | D:1      | Reached XP level 2. HP: 22/23 MP: 2/2
   318 | D:1      | Found a faded altar of an unknown god.
   643 | D:1      | Reached XP level 3. HP: 29/29 MP: 3/3
   734 | D:1      | 734 ||| UPGRADING to +0 leather armour.
   744 | D:1      | 744 ||| DROPPING +0 robe.
   745 | D:1      | 745 ||| READING scroll labelled KODAMPUOFF.
   846 | D:1      | 846 ||| READING scroll labelled JILUIS PIVEHULE.
   847 | D:1      | 847 ||| READING scroll labelled GUXU MEIGOE.
   848 | D:1      | 848 ||| READING scroll labelled IKENEANODAN.
   903 | D:1      | 903 ||| DRINKING 2 glowing blue potions.
   903 | D:1      | Gained mutation: You are partially covered in iridescent
                  | scales. (AC +2) [potion of mutation]
   903 | D:1      | Gained mutation: Your magical capacity is low. (-10% MP)
                  | [potion of mutation]
   903 | D:1      | Gained mutation: You are somewhat resistant to further
                  | mutation. [potion of mutation]
   904 | D:1      | 904 ||| DRINKING 2 green potions.
   905 | D:1      | 905 ||| DROPPING scroll of poison.
  1085 | D:2      | Reached skill level 4 in Ranged Weapons
  1346 | D:2      | You fall into a shaft and drop 1 floor!
  1347 | D:3      | 1347 ||| UPGRADING to ring of see invisible.
  1348 | D:3      | 1348 ||| READING scroll labelled MEFI SUAMA.
  1349 | D:3      | 1349 ||| READING scroll labelled BIEXKO CASO.
  1400 | D:2      | 1400 ||| UPGRADING to scarf of repulsion.
  1405 | D:2      | 1405 ||| READING scroll labelled HIUZXA ICROTOT.
  1427 | D:3      | Reached XP level 4. HP: 36/36 MP: 3/3
  1444 | D:3      | HP: 9/36 [orc priest/+0 club (2)]
  1445 | D:3      | 1445 ||| DRINKING potion of heal wounds.
  1452 | D:3      | Reached skill level 5 in Ranged Weapons
  1672 | D:3      | Noticed a scorpion
  1681 | D:3      | Killed a scorpion
  1682 | D:3      | Reached skill level 3 in Fighting
  1682 | D:3      | Reached XP level 5. HP: 45/45 MP: 4/4
  2139 | D:3      | 2139 ||| UPGRADING to +1 leather armour of poison
                  | resistance.
  2149 | D:3      | 2149 ||| DROPPING +0 leather armour.
  2150 | D:3      | 2150 ||| READING scroll labelled GERHYMA ISTRA.
  2151 | D:3      | 2151 ||| READING scroll labelled PUGICSU DUFEDUN.
  2152 | D:3      | 2152 ||| DRINKING 2 clear potions.
  2358 | D:4      | Noticed a phantom
  2375 | D:4      | Killed a phantom
  2376 | D:4      | Reached skill level 6 in Ranged Weapons
  2376 | D:4      | Reached XP level 6. HP: 43/51 MP: 5/5
  3256 | D:4      | 3256 ||| UPGRADING to +1 ring mail of poison resistance.
  3266 | D:4      | 3266 ||| DROPPING +1 leather armour of poison resistance.
  3267 | D:4      | 3267 ||| READING scroll labelled PIWKEH UBEH.
  3268 | D:4      | 3268 ||| READING 2 scrolls labelled VONNAZ VUPO.
  3269 | D:4      | 3269 ||| READING scroll labelled HOVVER YNYFUTAL.
  3270 | D:4      | 3270 ||| READING 2 scrolls of identify.
  3270 | D:4      | 3270 ||| IDENTIFYING golden potion
  3271 | D:4      | 3271 ||| DROPPING potion of lignification.
  3272 | D:4      | 3272 ||| DROPPING scroll of immolation.
  3316 | D:5      | Entered Level 5 of the Dungeon
  3317 | D:5      | 3317 ||| PLANNING OSSUARY
  3331 | D:5      | Reached XP level 7. HP: 47/60 MP: 6/6
  3342 | D:5      | Reached skill level 7 in Ranged Weapons
  3581 | D:5      | Found a hide-covered altar of Uskayaw.
  3775 | D:5      | Noticed a two-headed ogre
  3785 | D:5      | Reached skill level 8 in Ranged Weapons
  3787 | D:5      | HP: 14/60 [gnoll/+0 flail[a gnoll bouda] (10)]
  3787 | D:5      | Slain by a two-headed ogre

Levels and vault maps discovered:
D:1:      eino_arrival_water_cross, layout_basic, basic_ecumenical_altar,
          minmay_octomino_j4
D:2:      layout_rooms, serial_glass, glass_columns_b, glass_columns_c,
          due_unseen_surprise, minmay_misc_feat_tower, minmay_cupped
D:3:      layout_basic, minmay_diced_spiral
D:4:      layout_basic, minmay_misc_feat_rows
D:5:      layout_loops_ring, lemuel_round_altar, nicolae_ossuary_entry_monument,
          grunt_ministairs_9, chequers_serial_rivers_micro_a,
          serial_bayou_lake_a, uniq_grinder

Skill      XL: |  1  2  3  4  5  6  7 |
---------------+----------------------+-----
Ranged Weapons | 3 4 5 6 8 |  8.0
Fighting       | 2 3 4 |  4.6
Armour         | 2 |  2.3
Dodging        | |  2.1
Spellcasting   | |  1.0
Hexes          | |  2.0

Action                     |  1- 3 |  4- 6 |  7- 9 || total
---------------------------+-------+-------+-------++-------
   Fire: Sling             |   110 |   164 |    83 ||   357
    Use: Scroll            |     7 |     6 |       ||    13
         Potion            |     2 |     2 |       ||     4
 Armour: Robe              |     7 |       |       ||     7
         Leather armour    |     2 |    24 |       ||    26
         Ring mail         |       |     2 |    24 ||    26
  Dodge: Dodged            |    42 |    59 |    36 ||   137

Table legend:
 A = Non-vault XP
 B = Vault XP
 C = Vault XP percentage of total XP
 D = Non-vault monster count
 E = Vault monster count
 F = Vault count percentage of total count
                 A         B        C        D         E       F
            +---------+---------+-------+---------+---------+-------
      Total |    1008 |      51 |   4.8 |      81 |       7 |   8.0
            +---------+---------+-------+---------+---------+-------
        D:1 |      39 |       4 |   9.3 |      23 |       2 |   8.0
        D:2 |       7 |      44 |  86.3 |       5 |       2 |  28.6
        D:3 |     219 |       3 |   1.4 |      19 |       3 |  13.6
        D:4 |     310 |       0 |   0.0 |      22 |       0 |   0.0
        D:5 |     433 |       0 |   0.0 |      12 |       0 |   0.0
            +---------+---------+-------+---------+---------+-------
